 Dungeon Crawl Stone Soup version 0.30.1-4-g462c640d31 (webtiles) character file.

Game seed: 397264314813106565

828 Bobit the Poker (level 7, 0/60 HPs)
             Began as a Gnoll Cinder Acolyte on Aug 13, 2023.
             Was an Initiate of Ignis.
             Slain by a gnoll sergeant
             ... wielding a +2 trident of flaming
              (5 damage)
             ... on level 7 of the Dungeon.
             The game lasted 00:16:53 (4386 turns).

Bobit the Poker (Gnoll Cinder Acolyte)              Turns: 4386, Time: 00:16:53

Health: 0/60       AC:  7    Str: 15    XL:     7   Next: 97%
Magic:  0/13       EV: 11    Int: 13    God:    Ignis [......]
Gold:   258        SH:  0    Dex:  8    Spells: 10/14 levels left

rFire   + . .        r - +0 scythe
rCold   . . .        (shield currently unavailable)
rNeg    . . .        x - +3 leather armour {rPois}
rPois   +            (no helmet)
rElec   .            (no cloak)
rCorr   .            B - +0 pair of gloves
SInv    .            (no boots)
Will    .....        f - amulet of guardian spirit
Stlth   ++           (no ring)
HPRegen 0.30/turn    (no ring)
MPRegen 0.13/turn

%: guardian spirit
@: no status effects
A: fangs 1, strong nose, distributed training
a: Renounce Religion


You were on level 7 of the Dungeon.
You worshipped Ignis.
Ignis was noncommittal.
You visited 1 branch of the dungeon, and saw 7 of its levels.

You collected 258 gold pieces.

Inventory:

Hand Weapons
 a - a -1 spear of flaming
 r - a +0 scythe (weapon)
 A - a +1 falchion of holy wrath
Armour
 b - a +0 robe
 i - a +0 ring mail
 x - a +3 leather armour of poison resistance (worn)
 B - a +0 pair of gloves (worn)
Jewellery
 c - an amulet of the acrobat
 f - an amulet of guardian spirit (around neck)
 s - an amulet of magic regeneration
Wands
 q - a wand of flame (22)
 v - a wand of polymorph (10)
Scrolls
 e - a scroll of teleportation
 h - 4 scrolls of enchant weapon
 l - 2 scrolls of fear
 m - a scroll of amnesia {unknown}
 n - a scroll of summoning {unknown}
 o - 2 scrolls of blinking {unknown}
 y - a scroll of fog {unknown}
Potions
 g - 2 potions of degeneration
 j - 2 potions of flight
 k - 3 potions of lignification
 u - a potion of haste {unknown}
 w - a potion of invisibility {unknown}
 z - a potion of ambrosia {unknown}


   Skills:
 + Level 7.2 Fighting
 + Level 2.9 Short Blades
 + Level 2.9 Long Blades
 + Level 2.9 Axes
 + Level 2.9 Maces & Flails
 + Level 7.2 Polearms
 + Level 2.9 Staves
 + Level 2.9 Ranged Weapons
 + Level 2.9 Throwing
 + Level 2.9 Armour
 + Level 2.9 Dodging
 + Level 2.9 Stealth
 + Level 2.9 Shields
 + Level 2.9 Unarmed Combat
 + Level 4.1 Spellcasting
 + Level 2.3 Conjurations
 + Level 2.3 Hexes
 + Level 2.3 Summonings
 + Level 2.3 Necromancy
 + Level 2.3 Translocations
 + Level 2.3 Transmutations
 + Level 6.0 Fire Magic
 + Level 2.3 Ice Magic
 + Level 2.3 Air Magic
 + Level 2.3 Earth Magic
 + Level 2.3 Poison Magic
 + Level 3.2 Invocations
 + Level 2.9 Evocations


You had 10 spell levels left.
You knew the following spells:

 Your Spells              Type           Power      Damage    Failure   Level
a - Scorch                Fire           36%        2d6       3%          2
b - Blink                 Tloc           16%        N/A       14%         2

Your spell library contained the following spells:

 Spells                   Type           Power      Damage    Failure   Level
 Lesser Beckoning         Tloc           16%        N/A       14%         2
 Momentum Strike          Conj/Tloc      16%        3d8       14%         2
 Animate Dead             Necr           8%         N/A       67%         4
 Haunt                    Necr/Summ      4%         N/A       100%        7
 Infestation              Necr           4%         N/A       100%        8


Dungeon Overview and Level Annotations

Branches:
Dungeon (8/15)             Temple (0/1) D:4
   Lair: D:8-11

Altars:
Gozag
Qazlal

Shops:
D:3 *


Innate Abilities, Weirdness & Mutations

You have very sharp teeth.
Your uncanny sense of smell can sniff out nearby items.
Your experience applies equally to all skills.


Message History

Okay, then.
You cannot move.
You are too injured to fight recklessly!
You are too injured to fight recklessly!
You swing at nothing.
Your transformation is almost over.
The gnoll sergeant hits you from afar with a +2 trident of flaming.
* * * LOW HITPOINT WARNING * * *
You cannot move.
You cannot move.
There are monsters nearby!
There are monsters nearby!
A wyvern comes into view.
The gnoll sergeant hits you from afar with a +2 trident of flaming.
* * * LOW HITPOINT WARNING * * *
The gnoll sergeant hits you but does no damage.
The gnoll sergeant hits you from afar with a +2 trident of flaming.
* * * LOW HITPOINT WARNING * * *
As you read the scroll labelled PUDWORROHAM, it crumbles to dust.
You feel a strange sense of stasis.
It was a scroll of teleportation.
The gnoll sergeant hits you from afar with a +2 trident of flaming.
* * * LOW HITPOINT WARNING * * *
You cannot move.
You cannot move.
You cannot move.
You cannot move.
You cannot move.
There are monsters nearby!
The gnoll sergeant hits you from afar with a +2 trident of flaming.
* * * LOW HITPOINT WARNING * * *
The gnoll sergeant hits you from afar with a +2 trident of flaming.
* * * LOW HITPOINT WARNING * * *
The gnoll sergeant hits you but does no damage.
The gnoll sergeant hits you but does no damage.
You feel less wooden.
Your +0 pair of gloves unmelds from your body.
Your +3 leather armour of poison resistance unmelds from your body.
You feel resistant to poison.
The gnoll sergeant hits you from afar with a +2 trident of flaming!
You die...

..............#
$.............#
.......!......#
......go......#
.#....c.g.#####
...######.g>cg#
.. #####g# .
#.# #@# #.# #..
##.# .. ... ..#
..#


You could see a gnoll sergeant, a centaur and a gnoll.

Vanquished Creatures
  Sigmund (D:3)
  A black bear (D:5)
  A howler monkey (D:7)
  3 hounds
  2 orc priests
  A gnoll bouda (D:5)
  Jessica (D:3)
  Ijyb (D:3)
  2 orc wizards (D:5)
  Natasha (twice) (D:2)
  8 gnolls
  2 adders
  A white imp (D:7)
  3 worms
  3 dart slugs
  11 orcs
  8 endoplasms
  6 giant cockroaches
  3 hobgoblins
  3 jackals (D:4)
  5 quokkas
  10 ball pythons
  2 bats
  5 frilled lizards
  8 goblins
  6 kobolds
  7 rats
106 creatures vanquished.

Vanquished Creatures (others)
  93 foxfires
93 creatures vanquished.

Grand Total: 199 creatures vanquished

Notes
Turn   | Place    | Note
-------+----------+-------------------------------------------
     0 | D:1      | Bobit the Gnoll Cinder Acolyte began the quest for the Orb.
     0 | D:1      | Reached XP level 1. HP: 23/23 MP: 4/4
    97 | D:1      | Reached XP level 2. HP: 29/29 MP: 5/5
   703 | D:2      | Learned a level 2 spell: Scorch
   765 | D:2      | Reached XP level 3. HP: 35/35 MP: 7/7
  1020 | D:3      | Found a stormy altar of Qazlal.
  1067 | D:2      | Reached skill level 1 in Invocations
  1113 | D:2      | Noticed Natasha
  1120 | D:2      | Killed Natasha
  1121 | D:2      | Reached skill level 1 in Short Blades
  1121 | D:2      | Reached skill level 1 in Long Blades
  1121 | D:2      | Reached skill level 1 in Axes
  1121 | D:2      | Reached skill level 1 in Maces & Flails
  1121 | D:2      | Reached skill level 1 in Staves
  1121 | D:2      | Reached skill level 1 in Ranged Weapons
  1121 | D:2      | Reached skill level 1 in Throwing
  1121 | D:2      | Reached skill level 1 in Armour
  1121 | D:2      | Reached skill level 1 in Dodging
  1121 | D:2      | Reached skill level 1 in Stealth
  1121 | D:2      | Reached skill level 1 in Shields
  1121 | D:2      | Reached skill level 1 in Unarmed Combat
  1121 | D:2      | Reached skill level 1 in Evocations
  1121 | D:2      | Reached XP level 4. HP: 34/41 MP: 8/8
  1225 | D:2      | Noticed Natasha
  1239 | D:2      | Killed Natasha
  1240 | D:2      | Reached skill level 1 in Conjurations
  1240 | D:2      | Reached skill level 1 in Hexes
  1240 | D:2      | Reached skill level 1 in Summonings
  1240 | D:2      | Reached skill level 1 in Necromancy
  1240 | D:2      | Reached skill level 1 in Translocations
  1240 | D:2      | Reached skill level 1 in Transmutations
  1240 | D:2      | Reached skill level 1 in Ice Magic
  1240 | D:2      | Reached skill level 1 in Air Magic
  1240 | D:2      | Reached skill level 1 in Earth Magic
  1240 | D:2      | Reached skill level 1 in Poison Magic
  1595 | D:2      | Reached XP level 5. HP: 43/47 MP: 9/9
  2104 | D:3      | Noticed Sigmund
  2118 | D:3      | Killed Sigmund
  2119 | D:3      | Reached XP level 6. HP: 50/53 MP: 8/11
  2138 | D:3      | Found an opulent altar of Gozag.
  2139 | D:3      | Noticed Ijyb
  2170 | D:3      | Learned a level 2 spell: Blink
  2320 | D:3      | Killed Ijyb
  2416 | D:3      | Found Gozag's Platinum Reserve.
  2656 | D:3      | Noticed Jessica
  2667 | D:3      | Killed Jessica
  3029 | D:4      | Reached XP level 7. HP: 60/60 MP: 12/12
  3080 | D:4      | Found a staircase to the Ecumenical Temple.
  3576 | D:5      | Entered Level 5 of the Dungeon
  4310 | D:5      | You fall into a shaft and drop 3 floors!
  4378 | D:7      | Noticed a wyvern
  4386 | D:7      | Slain by a gnoll sergeant

Illustrated notes

Levels and vault maps discovered:
D:1:      dpeg_arrival_pond, layout_loops_cross
D:2:      minmay_thinvault, layout_loops_ring, minmay_tripent, uniq_natasha
D:3:      layout_basic, nicolae_qazlal_scattered_showers,
          nicolae_gozag_zags_fifth_avenue, eino_tiny_chamber, uniq_sigmund,
          uniq_ijyb, uniq_jessica
D:4:      layout_loops_ring, minmay_temple_entry_from_below_b
D:5:      layout_gridville, uniq_crazy_yiuf_cottage
D:7:      layout_rooms, minitemple
D:8:      layout_loops_cross

Skill      XL: |  1  2  3  4  5  6  7 |
---------------+----------------------+-----
Invocations    | 1 2 3 |  3.2
Short Blades   | 1 2 |  2.9
Long Blades    | 1 2 |  2.9
Axes           | 1 2 |  2.9
Maces & Flails | 1 2 |  2.9
Staves         | 1 2 |  2.9
Ranged Weapons | 1 2 |  2.9
Throwing       | 1 2 |  2.9
Armour         | 1 2 |  2.9
Dodging        | 1 2 |  2.9
Stealth        | 1 2 |  2.9
Shields        | 1 2 |  2.9
Unarmed Combat | 1 2 |  2.9
Evocations     | 1 2 |  2.9
Spellcasting   | 3 4 |  4.1
Conjurations   | 1 2 |  2.3
Hexes          | 1 2 |  2.3
Summonings     | 1 2 |  2.3
Necromancy     | 1 2 |  2.3
Translocations | 1 2 |  2.3
Transmutations | 1 2 |  2.3
Ice Magic      | 1 2 |  2.3
Air Magic      | 1 2 |  2.3
Earth Magic    | 1 2 |  2.3
Poison Magic   | 1 2 |  2.3
Fighting       | 7 |  7.2
Polearms       | 7 |  7.2
Fire Magic     | 6 |  6.0

Action                     |  1- 3 |  4- 6 |  7- 9 || total
---------------------------+-------+-------+-------++-------
  Melee: Spear             |    97 |   117 |       ||   214
         Bite              |     8 |    13 |    14 ||    35
         Punch             |     1 |     2 |       ||     3
         Halberd           |       |    40 |    82 ||   122
   Cast: Scorch            |       |    10 |     1 ||    11
         Blink             |       |     2 |     1 ||     3
 Invoke: Fiery Armour      |       |     2 |       ||     2
         Foxfire Swarm     |       |     4 |     4 ||     8
         Rising Flame      |       |       |     1 ||     1
    Use: Scroll            |       |       |     8 ||     8
         Potion            |       |       |     3 ||     3
   Stab: Sleeping          |     1 |       |       ||     1
 Armour: Robe              |     8 |       |       ||     8
         Ring mail         |     9 |    16 |       ||    25
         Leather armour    |       |     9 |    33 ||    42
         Skin              |       |       |    13 ||    13
  Dodge: Dodged            |    28 |    56 |    48 ||   132
